 Dungeon Crawl Stone Soup version 0.28-a0-1348-g050f3537b9 (webtiles) character file.

Game seed: 3042744493159597291

232084 KyoPewz the Eclecticist (level 18, -13/107 HPs)
             Began as a Deep Elf Summoner on Dec 28, 2021.
             Was a High Priest of Sif Muna.
             Mangled by Agnes (21 damage)
             ... on level 2 of the Spider Nest on Dec 30, 2021.
             The game lasted 07:56:34 (55611 turns).

KyoPewz the Eclecticist (Deep Elf Summoner)        Turns: 55611, Time: 07:56:35

Health: -13/107    AC: 16    Str:  5    XL:     18   Next: 81%
Magic:  4/44       EV: 25    Int: 36    God:    Sif Muna [*****.]
Gold:   1938       SH:  0    Dex: 24    Spells: 0/57 levels left

rFire   + + .      SeeInvis +   a - +9 shortbow of Dismay {freeze, Dex+5, bow}
rCold   + . .      Faith    +   (shield currently unavailable)
rNeg    . . .      Spirit   .   x - +2 robe {rC+ rF+}
rPois   +          Reflect  .   W - +2 helmet
rElec   .          Harm     .   u - scarf {repulsion}
rCorr   .          Rampage  .   h - +2 pair of gloves
Will    +....                   V - +1 pair of boots "Niliel" {rPois Int+3 Dex+4}
Stlth   +++.......              n - amulet of faith {!P}
HPRegen 0.27/turn               L - ring of Midwinter {rF+ Int+4 SInv}
MPRegen 0.29/turn               r - +4 ring of protection

@: studying Spellcasting, repel missiles
A: no striking features
}: 1/15 runes: serpentine
a: Renounce Religion, Channel Magic, Forget Spell, Divine Exegesis


You were on level 2 of the Spider Nest.
You worshipped Sif Muna.
Sif Muna was extremely pleased with you.
You visited 6 branches of the dungeon, and saw 31 of its levels.
You also visited: Ossuary, Bailey and Gauntlet.

You collected 3058 gold pieces.
You spent 1120 gold pieces at shops.


   Skills:
 - Level 10.0 Fighting
 - Level 14.0 Bows
 - Level 15.0 Dodging
 - Level 2.4 Stealth
 - Level 20.0 Spellcasting
 - Level 10.0 Conjurations
 - Level 6.0 Hexes
 - Level 18.0 Summonings
 + Level 7.8 Translocations
 - Level 8.0 Fire Magic
 - Level 5.0 Ice Magic
 + Level 7.3 Air Magic
 - Level 10.0 Invocations
 - Level 10.0 Evocations


You couldn't memorise any spells.
You knew the following spells:

 Your Spells              Type           Power      Damage    Failure   Level
a - Starburst             Conj/Fire      39%        6d11      3%          6
b - Summon Mana Viper     Hex/Summ       89%        N/A       1%          5
c - Dispersal             Tloc           37%        N/A       5%          6
d - Summon Guardian Gole  Hex/Summ       89%        N/A       1%          3
e - Summon Lightning Spi  Summ/Air       91%        N/A       1%          4
f - Fireball              Conj/Fire      39%        3d16      1%          5
g - Portal Projectile     Hex/Tloc       100%       N/A       1%          3
h - Monstrous Menagerie   Summ           52%        N/A       1%          7
q - Ozocubu's Armour      Ice            64%        N/A       1%          3
r - Airstrike             Air            36%        N/A       1%          4
s - Passage of Golubria   Tloc           75%        N/A       1%          4
x - Summon Hydra          Summ           52%        N/A       1%          7

Your spell library contained the following spells:

 Spells                   Type           Power      Damage    Failure   Level
 Magic Dart               Conj           100%       1d8       0%          1
 Summon Small Mammal      Summ           100%       N/A       0%          1
 Call Imp                 Summ           100%       N/A       0%          2
 Call Canine Familiar     Summ           100%       N/A       0%          3
 Animate Skeleton         Necr           72%        N/A       1%          1
 Apportation              Tloc           100%       N/A       1%          1
 Slow                     Hex            100%       N/A       1%          1
 Corpse Rot               Necr/Air       100%       N/A       1%          2
 Ensorcelled Hibernation  Hex/Ice        100%       N/A       1%          2
 Scorch                   Fire           100%       2d10      1%          2
 Searing Ray              Conj           100%       2d8       1%          2
 Static Discharge         Conj/Air       78%        N/A       1%          2
 Confusing Touch          Hex            68%        N/A       1%          3
 Conjure Flame            Conj/Fire      79%        6-21      1%          3
 Dazzling Flash           Conj/Hex       100%       N/A       1%          3
 Frozen Ramparts          Ice            100%       1d12      1%          3
 Gell's Gravitas          Tloc           75%        N/A       1%          3
 Ignite Poison            Fire/Tmut/Pois 53%        N/A       1%          3
 Inner Flame              Hex/Fire       72%        N/A       1%          3
 Lesser Beckoning         Tloc           75%        N/A       1%          3
 Stone Arrow              Conj/Erth      100%       3d13      1%          3
 Teleport Other           Tloc           75%        N/A       1%          3
 Tukima's Dance           Hex            68%        N/A       1%          3
 Animate Armour           Summ/Erth      100%       N/A       1%          4
 Cause Fear               Hex            34%        N/A       1%          4
 Flame Wave               Conj/Fire      79%        2d11      1%          4
 Fulminant Prism          Conj/Hex       38%        3d18      1%          4
 Hailstorm                Conj/Ice       74%        3d15      1%          4
 Iskenderun's Mystic Bla  Conj/Tloc      79%        2d16      1%          4
 Sticky Flame             Conj/Fire      79%        2d9       1%          4
 Summon Ice Beast         Ice/Summ       87%        N/A       1%          4
 Lightning Bolt           Conj/Air       39%        1d57      1%          5
 Manifold Assault         Tloc           75%        N/A       1%          5
 Silence                  Hex/Air        35%        N/A       1%          5
 Summon Forest            Summ/Tloc      45%        N/A       1%          5
 Spider Form              Tmut/Pois      36%        N/A       2%          3
 Leda's Liquefaction      Hex/Erth       27%        N/A       2%          4
 Metabolic Englaciation   Hex/Ice        33%        N/A       2%          5
 Spellforged Servitor     Conj/Summ      47%        N/A       2%          7
 Irradiate                Conj/Tmut      32%        3d24      3%          5
 Malign Gateway           Summ/Tloc      45%        N/A       3%          7
 Yara's Violent Unravell  Hex/Tmut       27%        3d12      7%          5
 Dispel Undead            Necr           36%        3d15      9%          4
 Petrify                  Tmut/Erth      36%        N/A       9%          4
 Orb of Destruction       Conj           41%        9d14      12%         7
 Agony                    Necr           36%        N/A       22%         5
 Alistair's Intoxication  Tmut/Pois      24%        N/A       22%         5
 Blade Hands              Tmut           18%        N/A       22%         5
 Borgnjor's Vile Clutch   Necr/Erth      18%        N/A       22%         5
 Lee's Rapid Deconstruct  Erth           18%        3d12*     22%         5
 Enfeeble                 Hex            34%        N/A       52%         7
 Ozocubu's Refrigeration  Ice            32%        4d11      65%         7
 Death Channel            Necr           18%        N/A       77%         6
 Statue Form              Tmut/Erth      24%        N/A       77%         6
 Storm Form               Tmut/Air       29%        N/A       85%         7
 Ignition                 Fire           38%        3d11      90%         8
 Disjunction              Tloc           37%        N/A       92%         8
 Maxwell's Capacitive Co  Air            36%        ∞         95%         8
 Discord                  Hex            34%        N/A       99%         8
 Lehudib's Crystal Spear  Conj/Erth      32%        10d8      100%        8
 Fire Storm               Conj/Fire      39%        8d10      100%        9

Inventory:

Hand Weapons
 a - the +9 shortbow of Dismay (weapon) {freeze, Dex+5, bow}
   (You took it off a centaur on level 11 of the Dungeon)

   Any ammunition fired from it freezes those it strikes, dealing additional
   cold damage.
   It can also slow down cold-blooded creatures.
   Dex:       It affects your dexterity (+5).
 b - the +3 lajatang of the Vestibule of Hell {drain, rN+ Will+ SInv, staff}
   (You took it off a deep elf pyromancer on level 11 of the Dungeon)

   A truly terrible weapon, it drains the life of any living foe it strikes.
   rN:        It protects you from negative energy.
   SInv:      It lets you see invisible.
   Will:      It increases your willpower.
 f - the +2 scimitar of Kaqocode {vorpal, rN+++, long}
   (You took it off a centaur on level 11 of the Dungeon)

   It inflicts extra damage upon your enemies.
   rN:        It renders you almost immune to negative energy.
Missiles
 q - 710 arrows (quivered ammo)
Armour
 h - a +2 pair of gloves (worn)
   (You found it on level 1 of the Dungeon)
 u - a scarf of repulsion (worn)
   (You found it on level 10 of the Dungeon)
 x - a +2 robe of resistance (worn)
   (You took it off Nergalle on level 9 of the Dungeon)
 V - the +1 pair of boots "Niliel" (worn) {rPois Int+3 Dex+4}
   (You found it in a bailey)

   Int:       It affects your intelligence (+3).
   Dex:       It affects your dexterity (+4).
   rPois:     It protects you from poison.
 W - a +2 helmet (worn)
   (You found it on level 3 of the Lair of Beasts)
Magical Staves
 c - a staff of air {!astaff}
   (You found it in a Gauntlet)
Jewellery
 n - an amulet of faith (around neck) {!P}
   (You found it on level 3 of the Dungeon)
 p - a ring of willpower
   (You found it on level 4 of the Dungeon)
 r - a +4 ring of protection (right hand)
   (You found it on level 6 of the Lair of Beasts)
 C - a ring of protection from cold
   (You found it on level 13 of the Dungeon)
 L - the ring of Midwinter (left hand) {rF+ Int+4 SInv}
   (You acquired it on level 6 of the Dungeon)

   [ring of see invisible]

   Int:       It affects your intelligence (+4).
   rF:        It protects you from fire.
   SInv:      It lets you see invisible.
 T - the ring "Ylim" {rCorr Dex+6}
   (You found it in a Gauntlet)

   [ring of dexterity]

   Dex:       It affects your dexterity (+6).
   rCorr:     It protects you from acid and corrosion.
 U - the ring "Buozeip" {rF+ rN+ Int-3 Dex+5}
   (You found it in a Gauntlet)

   [ring of positive energy]

   Int:       It affects your intelligence (-3).
   Dex:       It affects your dexterity (+5).
   rF:        It protects you from fire.
   rN:        It protects you from negative energy.
Wands
 l - a wand of iceblast (28)
   (You took it off Erica on level 2 of the Lair of Beasts)
 o - a wand of charming (12)
   (You found it on level 3 of the Dungeon)
 t - a wand of acid (38)
   (You found it on level 3 of the Dungeon)
 y - a wand of flame (42)
   (You found it on level 6 of the Dungeon)
 F - a wand of mindburst (14)
   (You found it on level 7 of the Dungeon)
 O - a wand of paralysis (4)
   (You found it on level 15 of the Dungeon)
 Q - a wand of polymorph (13)
   (You found it on level 8 of the Dungeon)
Scrolls
 d - 2 scrolls of silence {!r}
 g - 2 scrolls of teleportation {@r4}
 m - 5 scrolls of magic mapping {!r}
 A - 5 scrolls of vulnerability {!r!r}
 D - 2 scrolls of blinking {!r}
 H - 5 scrolls of identify {@r1}
 N - 2 scrolls of immolation {!r!r}
 R - 2 scrolls of fear
 S - a scroll of holy word
 Y - 4 scrolls of fog
Potions
 e - 7 potions of might
 j - 4 potions of flight
 k - 13 potions of curing {@q1}
 v - 7 potions of heal wounds {@q2}
 z - 2 potions of berserk rage {!q}
 B - a potion of resistance
 E - 3 potions of haste {@q3}
 J - 2 potions of ambrosia
 K - 6 potions of mutation {!q}
 M - a potion of invisibility
 P - 5 potions of cancellation
 X - a potion of brilliance
 Z - a potion of lignification {!q}
Miscellaneous
 s - a box of beasts (inert)
   (You found it on level 6 of the Lair of Beasts)
 w - a condenser vane
   (You found it on level 2 of the Snake Pit)
 I - a tin of tremorstones (2/2) {throwing}
   (You found it on level 9 of the Dungeon)

Dungeon Overview and Level Annotations

Branches:
Dungeon (15/15)            Temple (1/1) D:6            Lair (6/6) D:10
  Snake (4/4) Lair:2       Spider (3/4) Lair:4        Slime (0/5) Lair:6
    Orc (2/2) D:9             Elf (0/3) Orc:2        Vaults (0/5) D:14
 Depths (0/4) D:15        Ossuary (visited)          Bailey (visited)
Gauntlet (visited)

Altars:
Cheibriados
Sif Muna
Wu Jian
Yredelemnul
Beogh
Jiyva

Shops:
D:1 (*(   D:3 ?   Orc:2 :=(**   Snake:2 *:=:

Portals:
Trove: D:12 (give +7 demon whip)

Annotations:
Spider:2 Agnes

###...#....^..^....[#..(...#####
##.##..#......##..............#..
.^.#####.......#.##..............
..(.# #...#.......##......##...#.
....###...#####......^.....###.#.
.^....###...#............###.....
#....##.....##.##....#..........#
^^...###.........^...#........#..
................@.#.^##.......#..
#..............i..#...........#..
###.......##..#H.##....#..##..#..
........###...#..#.....#...##....
........#....##..#.....######....
...#.^.##...[#...#^....#....##...
...#...#....##.###.###....#.(##..
#.##...##..##................^#..
#^......#####.#..............###.


You could see Agnes (ally target) and a friendly juvenile shocksting beast
(summoned).


Message History

😮 HP[-32]
You take 32 damage, and now have 65/107 hp.
MASSIVE DAMAGE!! (PAUSE)
Casting: Dispersal (dangerous; 5% risk of failure)
Confirm with . or Enter, or press ? or * to list all spells.
You summon a manticore!
Agnes barely misses you.
The orb spider spins a strand of pure energy.
Agnes misses you. Agnes barely misses you. 😮 MP[-6]
You lost 6 mp, and now have 2/44 mp.
The demonic crawler shrieks in warning!
Your manticore bites the demonic crawler!
Your manticore claws the demonic crawler! x2
Agnes completely misses you.
You hear an angry hiss. x2; You hear a chilling moan.
You hear an angry hiss. x3
There is a stone staircase leading up here. 😮 HP[+1]
You swap places.
Your sphinx seems less confused.
Agnes hits your manticore with a +3 lajatang of speed!
The demonic crawler hits your manticore.
The demonic crawler hits your manticore but does no damage.
The demonic crawler hits your manticore!
Agnes hits your manticore with a +3 lajatang of speed!!!
Your manticore dies!
Your manticore's corpse disappears in a puff of smoke!
The orb spider weaves a glowing orb of energy.
The demonic crawler barely misses your lightning spire.
The demonic crawler hits your lightning spire but does no damage. x2
Your lightning spire shoots out a bolt of lightning at the demonic crawler!
The bolt of electricity hits the demonic crawler!
The demonic crawler resists.
You hear an angry hiss.
An orb of destruction comes into view.
Agnes barely misses you.
A tarantella comes into view.
Agnes hits you with a +3 lajatang of speed.
Agnes hits you with a +3 lajatang of speed!!
* * * LOW HITPOINT WARNING * * *
The demonic crawler hits your lightning spire.
The demonic crawler hits your lightning spire!
The demonic crawler hits your lightning spire but does no damage.
Your lightning spire shoots out a bolt of lightning at the demonic crawler!
The bolt of electricity hits the demonic crawler!
The demonic crawler resists.
There is a stone staircase leading up, spattered with blood here. 😨 HP[-21] MP[+1]
You take 21 damage, and now have 45/107 hp.
Unknown command.
Agnes misses you. Agnes completely misses you.
The demonic crawler hits your lightning spire.
The demonic crawler hits your lightning spire!
The demonic crawler hits your lightning spire.
The jumping spider leaps!
Agnes hits you with a +3 lajatang of speed!
* * * LOW HITPOINT WARNING * * *
The orb of destruction hits the demonic crawler!!!
The demonic crawler is blown up!
Your lightning spire shoots out a bolt of lightning at Agnes!
The bolt of electricity hits Agnes!
You climb upwards.
Your summoned ally is left behind.
There is a stone staircase leading down here. 😨 HP[-9]
You take 9 damage, and now have 36/107 hp.
Casting: Monstrous Menagerie (dangerous; 1% risk of failure)
Confirm with . or Enter, or press ? or * to list all spells.
Okay, then.
Unknown command.
Casting: Monstrous Menagerie (dangerous; 1% risk of failure)
Confirm with . or Enter, or press ? or * to list all spells.
Okay, then.
Casting: Monstrous Menagerie (dangerous; 1% risk of failure)
Confirm with . or Enter, or press ? or * to list all spells.
Okay, then.
Unknown command.
Okay, then.
Unknown command.
Press: ? - help, v - describe, . - travel
Here: Agnes, wielding a +3 lajatang of speed and wearing a +0 robe (lightly wounded)
The floor.
Press: ? - help, v - describe, . - travel
Here: Agnes, wielding a +3 lajatang of speed and wearing a +0 robe (lightly wounded)
The floor.
Okay, then.
Unknown command.
Press: ? - help, v - describe, . - travel
Here: Agnes, wielding a +3 lajatang of speed and wearing a +0 robe (lightly wounded)
The floor.
Aiming: Polymorph
Press: ? - help, Shift-Dir - straight line, f - Agnes
Aim: Agnes, wielding a +3 lajatang of speed and wearing a +0 robe (lightly wounded, will become a satyr, a four-headed hydra, or a tarantella, chance to affect: 10%)
Okay, then.
Unknown command.
You open the lid... ...and a juvenile shocksting beast leaps out!
The box is emptied!
Agnes closely misses you.
Agnes hits you with a +3 lajatang of speed!!
* * * LOW HITPOINT WARNING * * *
Agnes hits you with a +3 lajatang of speed!!
You die...

Skill      XL: |  1  2  3  4  5  6  7  8  9 10 11 12 13 14 15 16 17 18 |
---------------+-------------------------------------------------------+-----
Summonings     | 5 6 8 9 11 12 13 14 16 17 18 | 18.0
Hexes          | 1 2 3 5 6 |  6.0
Spellcasting   | 4 6 12 14 18 20 | 20.0
Dodging        | 6 8 10 11 12 14 15 | 15.0
Air Magic      | 4 7 |  7.3
Translocations | 3 4 7 |  7.8
Bows           | 12 14 | 14.0
Ice Magic      | 4 5 |  5.0
Fire Magic     | 2 5 8 |  8.0
Conjurations   | 4 8 9 10 | 10.0
Invocations    | 4 7 9 10 | 10.0
Evocations     | 3 6 9 10 | 10.0
Fighting       | 2 4 5 8 10 | 10.0
Stealth        | |  2.4

Action                   |  1- 3 |  4- 6 |  7- 9 | 10-12 | 13-15 | 16-18 || total
-------------------------+-------+-------+-------+-------+-------+-------++-------
Melee: Mace              |    30 |     2 |       |       |       |       ||    32
       Short sword       |       |    12 |    70 |   121 |    97 |       ||   300
       Staff             |       |       |       |       |     4 |     2 ||     6
       Long sword        |       |       |       |       |    46 |       ||    46
       Lajatang          |       |       |       |       |       |    21 ||    21
 Fire: Hunting sling     |       |       |     4 |       |       |       ||     4
       Shortbow          |       |       |       |   125 |   230 |   737 ||  1092
 Cast: Summon Small Mamm |    31 |     4 |     9 |     5 |       |       ||    49
       Call Imp          |     8 |     8 |    23 |    27 |    50 |       ||   116
       Call Canine Famil |     3 |    12 |    34 |    78 |   123 |    22 ||   272
       Summon Guardian G |       |     1 |     5 |    34 |     7 |     8 ||    55
       Summon Lightning  |       |       |     2 |    41 |    23 |    24 ||    90
       Portal Projectile |       |       |       |    13 |    16 |    31 ||    60
       Airstrike         |       |       |       |     2 |     8 |    42 ||    52
       Summon Hydra      |       |       |       |     6 |    83 |    99 ||   188
       Summon Ice Beast  |       |       |       |     5 |   125 |    22 ||   152
       Fireball          |       |       |       |       |     6 |     6 ||    12
       Monstrous Menager |       |       |       |       |       |   204 ||   204
       Leda's Liquefacti |       |       |       |       |       |     2 ||     2
       Passage of Golubr |       |       |       |       |       |     3 ||     3
       Starburst         |       |       |       |       |       |    12 ||    12
       Summon Mana Viper |       |       |       |       |       |     8 ||     8
       Ozocubu's Armour  |       |       |       |       |       |     4 ||     4
       Dispersal         |       |       |       |       |       |     3 ||     3
Invok: Channel Magic     |       |       |       |       |     6 |    10 ||    16
Evoke: Wand              |       |       |       |       |       |     1 ||     1
       Box of beasts     |       |       |       |       |       |     1 ||     1
  Use: Scroll            |       |     6 |    10 |     6 |    12 |    12 ||    46
       Potion            |       |       |     1 |     3 |     2 |     1 ||     7
 Stab: Sleeping          |     2 |     1 |     2 |     3 |       |     1 ||     9
       Distracted        |       |       |     2 |     5 |     6 |     3 ||    16
Armor: Robe              |    13 |     8 |    25 |    57 |   139 |   118 ||   360
Dodge: Dodged            |    33 |     6 |    73 |   206 |   468 |   704 ||  1490
       Repelled          |       |       |       |       |     1 |    21 ||    22

Levels and vault maps discovered:
D:1:      lemuel_arrival_cross, layout_rooms, serial_shops,
          nicolae_shop_advertising_works [nicolae_subvault_shop_adworks],
          nicolae_shop_bloodbath_and_beyond, nicolae_shop_overgrown_old_shop
D:2:      layout_basic, minmay_pentomino_o2
D:3:      gammafunk_wand_slinger, layout_rooms, serial_shops, shop
D:4:      layout_basic, uniq_pikel
D:5:      layout_gridville, minmay_fractal_squares_diagonal_5, uniq_grinder
D:6:      layout_loops_cross, minmay_temple_entry_junction, enter_ossuary_5,
          minmay_misc_feat_cross, minmay_fountain_box, uniq_crazy_yiuf_cottage,
          uniq_sigmund, uniq_duvessa, uniq_prince_ribbit1
D:7:      layout_gridville
D:8:      minmay_chambers_of_fours, layout_basic, mainiacjoe_overflow_catwalk,
          disabler_island
D:9:      layout_irregular_city, david_orc_2, enter_bailey_7, dk_vineyard_1,
          grunt_potential, uniq_maggie
D:10:     layout_cave_pools, minmay_lair_entry_grove, nicolae_underground_beach,
          uniq_nergalle
D:11:     minmay_the_grid_triangle_9x9_recursive_3
          [minmay_the_grid_triangle_9x9_fully_insulated_deathbox,
          minmay_the_grid_triangle_9x9_corruption,
          minmay_the_grid_triangle_9x9_from_above,
          minmay_the_grid_triangle_9x9_prize_insulated,
          minmay_the_grid_triangle_9x9_longest,
          minmay_the_grid_triangle_9x9_negative_grid,
          minmay_the_grid_triangle_9x9_subtriangle,
          minmay_the_grid_triangle_9x9_limited_checkers,
          minmay_the_grid_triangle_9x9_intruding_spiral], layout_loops_corners
D:12:     layout_gridville, gauntlet_entry_generic, enter_trove_2
D:13:     layout_long_grid, minmay_variable_closet, minivault_28
D:14:     layout_basic, erik_vaults_2, amcnicky_mini_rare_corridor_liquid,
          bh_hangedman_babel_library
D:15:     gammafunk_depths_entry_grave, layout_loops_corners, nicolae_wwwww
Temple:   minmay_crystal_snake_temple
Lair:1:   layout_layer_cave
Lair:2:   layout_layer_cave, minmay_snake_entry_six_corridors,
          lemuel_fruit_tree, uniq_erica
Lair:3:   layout_small_grid, hangedman_lair_generics_rect, serial_bayou_shore_b
Lair:4:   layout_hall_layers, spider_nest_entry_web_field, serial_bayou_shore_b
Lair:5:   layout_misc_corridors
Lair:6:   evilmike_catoblepas_cave, layout_long_grid,
          dpeg_slime_entry_enclosed_altar, infiniplex_staircase_pool_2
Snake:1:  layout_onion, serial_bayou_shore_b
Snake:2:  layout_chambers, serial_shops, shop_fountains, drop_trap,
          nicolae_snake_salamander_fort, grunt_megastairs_5, minmay_shop_grove,
          uniq_nikola, uniq_frances
Snake:3:  layout_misc_corridors, nicolae_snake_gridmaze_tees,
          serial_bayou_pond_d, grunt_megastairs_3
Snake:4:  snake_pit_salamanders_mu, layout_misc_corridors, uniq_asterion,
          uniq_louise, uniq_aizul
Spider:1: layout_cave_pods
Spider:2: layout_spider_delve, uniq_donald
Spider:3: layout_cave_pods, gammafunk_ghost_necromancy, nicolae_crawler_farm,
          uniq_azrael, uniq_agnes
Orc:1:    layout_caves, basic_altar, uniq_snorg, uniq_harold, uniq_erolcha
Orc:2:    st_orc_mages, layout_caves, serial_shops, nicolae_shop_hallway_plus,
          uniq_josephine, uniq_urug

Notes
Turn   | Place    | Note
-------+----------+-------------------------------------------
     0 | D:1      | KyoPewz the Deep Elf Summoner began the quest for the Orb.
     0 | D:1      | Reached XP level 1. HP: 10/10 MP: 6/6
     0 | D:1      | magus.rc [v1.9.6]
   138 | D:1      | magus.rc [v1.9.6]
   197 | D:1      | Reached XP level 2. HP: 15/15 MP: 5/8
   201 | D:1      | Learned a level 2 spell: Call Imp
   238 | D:1      | Found Gipluumn's Antique Weapon Shop.
   271 | D:1      | Found Hoghibog's Assorted Antiques.
   500 | D:1      | Reached skill level 5 in Summonings
   511 | D:1      | Found Vograblua's Weapon Shop.
  1087 | D:2      | You fall into a shaft and drop 1 floor!
  1087 | D:3      | Found a transporter.
  1130 | D:2      | Reached XP level 3. HP: 19/19 MP: 7/10
  1134 | D:2      | Learned a level 3 spell: Call Canine Familiar
  1138 | D:2      | Learned a level 3 spell: Summon Guardian Golem
  1764 | D:3      | Reached skill level 1 in Hexes
  1839 | D:3      | Reached skill level 4 in Spellcasting
  1975 | D:3      | Reached XP level 4. HP: 23/24 MP: 10/12
  2107 | D:4      | Noticed an ogre
  2136 | D:4      | Killed an ogre
  2137 | D:4      | Reached skill level 2 in Hexes
  2137 | D:4      | Reached skill level 6 in Summonings
  2137 | D:4      | Reached XP level 5. HP: 28/28 MP: 4/13
  2201 | D:3      | Found Adadu's Magic Scroll Emporium.
  2336 | D:3      | Found a transporter.
  2348 | D:3      | Identified the +3 short sword "Doiniow" {vorpal, rPois
                  | Str+2}
  2534 | D:3      | Bought a scroll of teleportation for 36 gold pieces
  2756 | D:4      | Identified the +7 long sword "Keigiwka" {pain, Int+4}
  2805 | D:4      | Identified the +2 robe "Tokess" {rF+ rC- SInv}
  2845 | D:4      | Noticed a lemure
  3142 | D:4      | Noticed a lemure
  3145 | D:4      | Noticed a lemure
  3156 | D:4      | Noticed Pikel
  3157 | D:4      | Killed a lemure
  3171 | D:4      | Killed Pikel
  3172 | D:4      | Reached skill level 6 in Spellcasting
  3172 | D:4      | Reached skill level 3 in Hexes
  3172 | D:4      | Reached skill level 8 in Summonings
  3172 | D:4      | Reached XP level 6. HP: 32/32 MP: 6/17
  3172 | D:4      | Reached XP level 7. HP: 36/36 MP: 6/18
  3386 | D:5      | Entered Level 5 of the Dungeon
  3493 | D:5      | Reached skill level 9 in Summonings
  3515 | D:5      | Reached XP level 8. HP: 35/41 MP: 19/19
  3532 | D:5      | HP: 10/41 [centaur/arrow (6)]
  3533 | D:5      | Reached skill level 10 in Summonings
  3540 | D:5      | HP: 9/41 [centaur/arrow (2)]
  3867 | D:6      | Reached skill level 3 in Dodging
  3873 | D:6      | Noticed Prince Ribbit
  3879 | D:6      | Killed Prince Ribbit
  3880 | D:6      | Reached skill level 4 in Dodging
  4052 | D:6      | Found a staircase to the Ecumenical Temple.
  4061 | Temple   | Entered the Ecumenical Temple
  4129 | D:6      | Noticed Dowan
  4130 | D:6      | Noticed Duvessa
  4147 | D:6      | Killed Duvessa
  4148 | D:6      | Reached skill level 5 in Dodging
  4167 | D:6      | Killed Dowan
  4168 | D:6      | Reached skill level 11 in Summonings
  4171 | D:6      | Found a sand-covered staircase.
  4217 | Ossuary  | Entered an ossuary
  4321 | Ossuary  | Reached skill level 6 in Dodging
  4543 | D:6      | Reached XP level 9. HP: 45/45 MP: 20/20
  4553 | D:6      | Learned a level 4 spell: Summon Lightning Spire
  4630 | Temple   | Became a worshipper of Sif Muna the Loreminder
  4837 | D:5      | Reached skill level 1 in Air Magic
  4841 | D:5      | Noticed Grinder
  4849 | D:5      | Killed Grinder
  4929 | D:5      | Reached skill level 2 in Air Magic
  5014 | D:5      | Reached skill level 7 in Dodging
  5578 | D:5      | Reached * piety under Sif Muna
  5579 | D:5      | Reached skill level 3 in Air Magic
  5759 | D:6      | Identified a scroll of acquirement
  5786 | D:5      | Acquired the ring of Midwinter {rF+ Int+4 SInv}
  5823 | D:6      | Noticed Sigmund
  5850 | D:6      | Killed Sigmund
  5851 | D:6      | Reached skill level 12 in Summonings
  6146 | D:6      | You pick up a book of Touch and begin reading...
  6146 | D:6      | You add the spells Static Discharge, Sticky Flame and
                  | Dispel Undead to your library.
  6173 | D:6      | Found a runed translucent door.
  6174 | D:6      | Noticed Crazy Yiuf
  6180 | D:6      | Killed Crazy Yiuf
  7297 | D:8      | Reached skill level 8 in Dodging
  7437 | D:8      | Reached skill level 4 in Air Magic
  7489 | D:8      | Noticed a black mamba
  7748 | D:8      | Noticed an oklob plant
  7858 | D:8      | Paralysed by a floating eye for 2 turns
  8119 | D:8      | Found a snail-covered altar of Cheibriados.
  8152 | D:8      | Noticed an oklob plant
  8267 | D:8      | Reached XP level 10. HP: 42/50 MP: 17/21
  8575 | D:8      | Noticed an oklob plant
  8595 | D:8      | Killed an oklob plant
  8596 | D:8      | Reached skill level 9 in Dodging
  8806 | D:8      | Killed an oklob plant
  8806 | D:8      | Reached ** piety under Sif Muna
  8921 | D:8      | Killed an oklob plant
  8922 | D:8      | Reached skill level 13 in Summonings
  9093 | D:8      | Reached skill level 10 in Dodging
  9443 | D:8      | Noticed a swamp dragon
  9455 | D:8      | Killed a swamp dragon
  9534 | D:8      | You add the spells Airstrike, Fireball and Starburst to
                  | your library.
  9534 | D:8      | Got the Grimoire of the Flying Arsonist
  9539 | D:8      | You pick up a book of the Hunter and begin reading...
  9539 | D:8      | You add the spells Portal Projectile and Leda's
                  | Liquefaction to your library.
  9548 | D:8      | Learned a level 4 spell: Airstrike
  9552 | D:8      | Learned a level 3 spell: Portal Projectile
  9653 | D:9      | Reached skill level 1 in Translocations
  9899 | D:9      | Reached skill level 4 in Hexes
  9899 | D:9      | Reached skill level 2 in Translocations
  9920 | D:9      | Reached skill level 3 in Translocations
 10037 | D:9      | Found a staircase to the Orcish Mines.
 10098 | D:9      | Reached skill level 5 in Hexes
 10119 | D:9      | Noticed a two-headed ogre
 10214 | D:9      | Killed a two-headed ogre
 10215 | D:9      | Reached XP level 11. HP: 54/54 MP: 12/22
 10280 | D:9      | Found a flagged portal.
 10298 | Bailey   | Entered a bailey
 10325 | Bailey   | Reached *** piety under Sif Muna
 10524 | Bailey   | Noticed an orc knight
 10539 | Bailey   | Noticed an orc knight
 10544 | Bailey   | Reached skill level 4 in Translocations
 10555 | Bailey   | Reached skill level 6 in Hexes
 10560 | Bailey   | Killed an orc knight
 10561 | Bailey   | Reached skill level 14 in Summonings
 10561 | Bailey   | Reached skill level 2 in Bows
 10731 | Bailey   | Identified a +0 crystal plate armour
 10732 | Bailey   | T - a +0 crystal plate armour {rare=g}
 10735 | Bailey   | Identified the +1 pair of boots "Niliel" {rPois Int+3
                  | Dex+4}
 10864 | Bailey   | Killed an orc knight
 10865 | Bailey   | Reached skill level 4 in Bows
 11108 | D:9      | Noticed a boulder beetle
 11440 | D:1      | Bought a +5 shortbow of flaming for 388 gold pieces
 11473 | D:1      | Bought a scroll of identify for 46 gold pieces
 11631 | D:9      | Reached skill level 5 in Bows
 11643 | D:9      | Reached skill level 6 in Bows
 11969 | D:9      | Identified the +7 flail of the Swamp {freeze, rPois}
 11975 | D:9      | Identified the +10 great mace of Jooguux {drain, rCorr
                  | Str+2}
 12033 | D:9      | Noticed Maggie
 12051 | D:9      | Killed Maggie
 12052 | D:9      | Reached skill level 7 in Bows
 12313 | D:10     | Entered Level 10 of the Dungeon
 12313 | D:10     | Noticed Nergalle
 12503 | D:3      | Reached **** piety under Sif Muna
 12761 | D:10     | Reached skill level 8 in Bows
 12990 | D:9      | Killed Nergalle
 12991 | D:9      | Reached skill level 9 in Bows
 13329 | D:10     | Reached skill level 10 in Bows
 13359 | D:9      | HP: 13/54 [wyvern (13)]
 13364 | D:9      | HP: 6/54 [wyvern (8)]
 14233 | D:10     | Found a staircase to the Lair.
 14280 | D:10     | Reached skill level 11 in Bows
 14676 | D:10     | Reached skill level 12 in Bows
 14925 | Lair:1   | Entered Level 1 of the Lair of Beasts
 14955 | Lair:1   | Upgraded the game from 0.28-a0-1334-g1c9ffb4daf to
                  | 0.28-a0-1348-g050f3537b9
 14955 | Lair:1   | magus.rc [v1.9.6]
 14955 | Lair:1   | magus.rc [v1.9.6]
 15059 | Lair:1   | Reached XP level 12. HP: 59/59 MP: 9/23
 15478 | Lair:1   | Reached skill level 13 in Bows
 15590 | Lair:1   | Reached ***** piety under Sif Muna
 15593 | Lair:1   | Noticed a five-headed hydra
 15601 | Lair:1   | Killed a five-headed hydra
 15616 | Lair:1   | Received a gift from Sif Muna
 15617 | Lair:1   | You add the spells Ignite Poison, Summon Ice Beast, Blade
                  | Hands, Statue Form and Summon Hydra to your library.
 15617 | Lair:1   | Got Sif Muna's Catalogue of the Shifting Entourage {god
                  | gift}
 15747 | Lair:1   | Reached skill level 14 in Bows
 15752 | Lair:1   | Learned a level 4 spell: Summon Ice Beast
 15856 | Lair:1   | Reached skill level 7 in Spellcasting
 16149 | Lair:1   | Reached skill level 8 in Spellcasting
 16171 | Lair:1   | Reached skill level 9 in Spellcasting
 16629 | Lair:2   | Learned a level 7 spell: Summon Hydra
 16666 | Lair:2   | Reached skill level 10 in Spellcasting
 16682 | Lair:2   | Noticed a six-headed hydra
 16696 | Lair:2   | Killed a six-headed hydra
 16830 | Lair:2   | Found a staircase to the Snake Pit.
 16873 | Lair:2   | Reached skill level 11 in Spellcasting
 16915 | Lair:2   | Reached skill level 12 in Spellcasting
 16917 | Lair:2   | Reached skill level 1 in Ice Magic
 16920 | Lair:2   | Reached skill level 1 in Fire Magic
 16921 | Lair:2   | Reached skill level 2 in Ice Magic
 16921 | Lair:2   | Noticed Erica
 16921 | Lair:2   | Noticed a five-headed hydra
 16923 | Lair:2   | Noticed a six-headed hydra
 16926 | Lair:2   | Killed Erica
 16941 | Lair:2   | Killed a six-headed hydra
 16942 | Lair:2   | Reached skill level 2 in Fire Magic
 16942 | Lair:2   | Reached skill level 3 in Ice Magic
 17111 | Lair:2   | Killed a five-headed hydra
 17130 | Lair:2   | Reached skill level 4 in Ice Magic
 17131 | Lair:2   | Reached XP level 13. HP: 63/63 MP: 17/31
 17143 | Lair:2   | Reached skill level 3 in Fire Magic
 17259 | Lair:2   | Learned a level 5 spell: Fireball
 18427 | Lair:3   | Reached skill level 1 in Conjurations
 18427 | Lair:3   | Reached skill level 5 in Ice Magic
 18427 | Lair:3   | Reached skill level 1 in Invocations
 18468 | Lair:3   | Reached skill level 2 in Invocations
 18470 | Lair:3   | Reached skill level 2 in Conjurations
 18470 | Lair:3   | Reached skill level 4 in Fire Magic
 19593 | Lair:3   | Reached skill level 15 in Summonings
 19738 | Lair:3   | Received a gift from Sif Muna
 19739 | Lair:3   | You add the spells Gell's Gravitas, Lesser Beckoning,
                  | Teleport Other, Passage of Golubria, Summon Forest,
                  | Manifold Assault and Malign Gateway to your library.
 19739 | Lair:3   | Got Sif Muna's Papyrus of Dislocation {god gift}
 21225 | Lair:4   | Reached skill level 16 in Summonings
 21225 | Lair:4   | Reached skill level 3 in Conjurations
 21361 | Lair:4   | Found a hole to the Spider Nest.
 21516 | Lair:4   | Reached skill level 3 in Invocations
 21594 | Lair:4   | Reached skill level 4 in Conjurations
 21594 | Lair:4   | Reached skill level 5 in Fire Magic
 21730 | Lair:5   | Reached skill level 4 in Invocations
 22453 | Lair:6   | Entered Level 6 of the Lair of Beasts
 22496 | Lair:6   | Reached XP level 14. HP: 36/68 MP: 3/32
 22499 | Lair:6   | Reached skill level 6 in Fire Magic
 22499 | Lair:6   | Reached skill level 5 in Invocations
 22501 | Lair:6   | Reached skill level 6 in Invocations
 22509 | Lair:6   | Reached skill level 7 in Invocations
 23008 | Lair:6   | Reached skill level 5 in Conjurations
 23016 | Lair:6   | Reached skill level 7 in Fire Magic
 23018 | Lair:6   | Received a gift from Sif Muna
 23230 | Lair:6   | Reached skill level 6 in Conjurations
 23501 | Lair:6   | Reached skill level 8 in Fire Magic
 23508 | Lair:6   | Reached skill level 7 in Conjurations
 24048 | Lair:6   | You add the spells Animate Armour, Petrify, Borgnjor's Vile
                  | Clutch and Agony to your library.
 24048 | Lair:6   | Got Sif Muna's Catalogue of Dusty Evil {god gift}
 24061 | Lair:6   | Reached skill level 1 in Evocations
 24139 | Lair:6   | Reached skill level 1 in Fighting
 24692 | Lair:6   | Found a viscous altar of Jiyva.
 24692 | Lair:6   | Found a staircase to the Slime Pits.
 24889 | Lair:6   | Reached skill level 2 in Evocations
 24907 | Lair:6   | Reached skill level 11 in Dodging
 25185 | Lair:6   | You add the spells Ozocubu's Armour and Ozocubu's
                  | Refrigeration to your library.
 25237 | Lair:6   | Reached skill level 2 in Fighting
 25525 | Lair:6   | Reached skill level 8 in Conjurations
 26045 | Orc:1    | Entered Level 1 of the Orcish Mines
 26045 | Orc:1    | Noticed Harold
 26052 | Orc:1    | Killed Harold
 26195 | Orc:2    | Entered Level 2 of the Orcish Mines
 26201 | Orc:2    | Reached skill level 3 in Evocations
 26206 | Orc:2    | Reached XP level 15. HP: 67/76 MP: 16/33
 26211 | Orc:2    | Learned a level 4 spell: Passage of Golubria
 26332 | Orc:1    | Noticed an orc warlord
 26491 | Orc:2    | Received a gift from Sif Muna
 26498 | Orc:2    | You pick up a book of Decay and begin reading...
 26498 | Orc:2    | You add the spells Corpse Rot and Death Channel to your
                  | library.
 26684 | Orc:2    | Noticed Urug
 26705 | Orc:2    | Killed Urug
 27057 | Orc:2    | Identified a +2 robe of the Archmagi
 27441 | Orc:2    | Found Jyukene's Jewellery Shoppe.
 27441 | Orc:2    | Found Hieliaj's Assorted Antiques.
 27442 | Orc:2    | Found Zeweugg's General Store.
 27446 | Orc:2    | Found Fiema's Antique Weapon Shoppe.
 27452 | Orc:2    | Bought a scroll of identify for 48 gold pieces
 27452 | Orc:2    | Bought a scroll of identify for 48 gold pieces
 27452 | Orc:2    | Bought a shadowed robe for 136 gold pieces
 27452 | Orc:2    | Identified the +2 robe "Quonlanu" {rC+} (You bought it in a
                  | shop on level 2 of the Orcish Mines)
 27702 | Orc:2    | Found Egink's Book Emporium.
 27711 | Orc:2    | Noticed Josephine
 27719 | Orc:2    | Killed Josephine
 27720 | Orc:2    | Reached skill level 3 in Fighting
 27859 | Orc:2    | Found a staircase to the Elven Halls.
 28091 | Orc:1    | Noticed Erolcha
 28099 | Orc:1    | Killed Erolcha
 28100 | Orc:1    | Reached skill level 13 in Spellcasting
 28222 | Orc:1    | Noticed Snorg
 28232 | Orc:1    | Killed Snorg
 28233 | Orc:1    | Reached skill level 4 in Evocations
 28879 | Orc:1    | Received a gift from Sif Muna
 29116 | Orc:1    | Killed an orc warlord
 29171 | Orc:1    | You pick up a book of Spectacle and begin reading...
 29171 | Orc:1    | You add the spells Dazzling Flash and Iskenderun's Mystic
                  | Blast to your library.
 29277 | Orc:2    | Bought a book of Beasts for 418 gold pieces
 29277 | Orc:2    | You pick up a book of Beasts and begin reading...
 29277 | Orc:2    | You add the spells Summon Mana Viper and Monstrous
                  | Menagerie to your library.
 30165 | D:12     | Found a gate leading to a gauntlet.
 30175 | D:12     | Reached skill level 12 in Dodging
 30176 | D:12     | Received a gift from Sif Muna
 30177 | D:12     | You pick up a book of Party Tricks and begin reading...
 30177 | D:12     | You add the spells Apportation and Alistair's Intoxication
                  | to your library.
 30297 | Gauntlet | Entered a Gauntlet
 30297 | Gauntlet | Found a large runed translucent door.
 30297 | Gauntlet | Found a large runed translucent door.
 30297 | Gauntlet | Found a large runed translucent door.
 30297 | Gauntlet | Found a large runed translucent door.
 30297 | Gauntlet | Found a large runed translucent door.
 30297 | Gauntlet | Found a large runed translucent door.
 30297 | Gauntlet | Found a runed translucent door.
 30297 | Gauntlet | Found a transporter.
 30297 | Gauntlet | Found a transporter.
 30297 | Gauntlet | Found a runed translucent door.
 30297 | Gauntlet | Found a large runed translucent door.
 30297 | Gauntlet | Found a large runed translucent door.
 30297 | Gauntlet | Found a large runed translucent door.
 30297 | Gauntlet | Found a large runed translucent door.
 30297 | Gauntlet | Found a large runed translucent door.
 30297 | Gauntlet | Found a large runed translucent door.
 30306 | Gauntlet | Found a transporter.
 30321 | Gauntlet | Found a transporter.
 30336 | Gauntlet | Found a transporter.
 30349 | Gauntlet | Found a transporter.
 30436 | Gauntlet | Found a large runed translucent door.
 30436 | Gauntlet | Found a large runed translucent door.
 30437 | Gauntlet | Found a runed translucent gate.
 30437 | Gauntlet | Found a runed translucent gate.
 30437 | Gauntlet | Found a runed translucent gate.
 30439 | Gauntlet | Found a transporter.
 30439 | Gauntlet | Found the +2 cloak of the Thief {*Fog Slay-2 SInv Stlth+}
 30449 | Gauntlet | Found a large runed translucent door.
 30450 | Gauntlet | Found a large runed translucent door.
 30454 | Gauntlet | Found a transporter.
 30478 | Gauntlet | Found a transporter.
 30486 | Gauntlet | Found a transporter.
 30575 | Gauntlet | Found a transporter.
 30579 | Gauntlet | Found a transporter.
 30590 | Gauntlet | Found a transporter.
 30598 | Gauntlet | Found a transporter.
 30600 | Gauntlet | Found a transporter.
 30600 | Gauntlet | Found a transporter.
 30757 | Gauntlet | Reached skill level 9 in Conjurations
 30762 | Gauntlet | Reached skill level 5 in Evocations
 30777 | Gauntlet | Identified the ring "Ylim" {rCorr Dex+6}
 31061 | Gauntlet | Reached skill level 4 in Fighting
 31172 | Gauntlet | Identified the ring "Buozeip" {rF+ rN+ Int-3 Dex+5}
 32447 | D:11     | Found a runed translucent door.
 32536 | D:11     | Found a runed translucent door.
 32537 | D:11     | Found a runed translucent door.
 32538 | D:11     | Found a runed translucent door.
 32726 | D:11     | Reached skill level 14 in Spellcasting
 32815 | D:11     | Identified the +3 lajatang of the Vestibule of Hell {drain,
                  | rN+ Will+ SInv}
 32818 | D:11     | Identified the +2 scimitar of Kaqocode {vorpal, rN+++}
 32818 | D:11     | Identified the +9 shortbow of Dismay {freeze, Dex+5}
 32820 | D:11     | Received a gift from Sif Muna
 32821 | D:11     | You add the spells Scorch, Conjure Flame, Flame Wave and
                  | Ignition to your library.
 32821 | D:11     | Got Sif Muna's Papyrus of Fire {god gift}
 33053 | D:11     | You pick up a book of Dreams and begin reading...
 33053 | D:11     | You add the spells Ensorcelled Hibernation and Spider Form
                  | to your library.
 33085 | D:11     | Learned a level 5 spell: Summon Mana Viper
 33243 | D:11     | Reached skill level 6 in Evocations
 33771 | D:12     | Identified the +9 broad axe of Kygokk {vorpal, Str+4 Int+4
                  | Dex+2}
 33841 | D:12     | Found a portal to a secret trove of treasure.
 33848 | D:12     | This trove needs a +7 demon whip to function. Give it the
                  | item?
 33848 | D:12     | This trove needs a +7 demon whip to function. Give it the
                  | item?
 33848 | D:12     | This trove needs a +7 demon whip to function. Give it the
                  | item?
 33995 | D:12     | Reached skill level 17 in Summonings
 34383 | D:13     | Reached XP level 16. HP: 86/86 MP: 7/36
 34592 | D:13     | Reached skill level 5 in Fighting
 34603 | D:13     | You pick up a book of Conjurations {@e2} and begin
                  | reading...
 34603 | D:13     | You add the spells Magic Dart, Searing Ray and Fulminant
                  | Prism to your library.
 34833 | D:13     | You pick up a book of the Senses and begin reading...
 34938 | D:13     | Reached skill level 10 in Conjurations
 35278 | D:14     | Reached skill level 15 in Spellcasting
 35603 | D:14     | Reached skill level 13 in Dodging
 35880 | D:14     | Received a gift from Sif Muna
 35881 | D:14     | You add the spells Inner Flame, Frozen Ramparts, Hailstorm,
                  | Cause Fear and Enfeeble to your library.
 35881 | D:14     | Got Sif Muna's Grimoire of the Captivating Snowflakes {god
                  | gift}
 35884 | D:14     | You add the spells Slow and Confusing Touch to your
                  | library.
 35884 | D:14     | Got Ts'ui Pên's Incunabulum of Forking Paths
 36190 | D:14     | Found a gate to the Vaults.
 36199 | D:14     | Identified the amulet "Ulaufa" {Spirit rPois rN+}
 36229 | D:14     | Reached skill level 16 in Spellcasting
 36533 | D:14     | Got the Catalogue of Axaxaxas mlö
 36590 | D:14     | Learned a level 4 spell: Leda's Liquefaction
 36619 | D:14     | Got Kikubaaqudgha's Handbook of Dhcmrlchtdj
 36949 | D:15     | Entered Level 15 of the Dungeon
 37837 | D:15     | Reached skill level 17 in Spellcasting
 37846 | D:15     | Learned a level 7 spell: Monstrous Menagerie
 37966 | D:15     | Found a staircase to the Depths.
 37993 | D:15     | Reached skill level 14 in Dodging
 38763 | Snake:1  | Entered Level 1 of the Snake Pit
 39030 | Snake:1  | Reached skill level 18 in Summonings
 39851 | Snake:1  | Reached skill level 18 in Spellcasting
 40101 | Snake:2  | Noticed Frances
 40219 | Snake:2  | Reached XP level 17. HP: 45/93 MP: 20/41
 40233 | Snake:2  | Received a gift from Sif Muna
 40234 | Snake:2  | You add the spells Dispersal, Disjunction and Fire Storm to
                  | your library.
 40234 | Snake:2  | Got Sif Muna's Almanac of Orientation and Fire {god gift}
 40496 | Snake:2  | Learned a level 3 spell: Ozocubu's Armour
 40723 | Snake:2  | You pick up a book of Dreams and begin reading...
 40848 | Snake:2  | Reached skill level 6 in Fighting
 41235 | Snake:2  | Found Urhiol's General Store.
 41284 | Snake:2  | Reached skill level 15 in Dodging
 41513 | Snake:2  | Noticed Nikola
 41552 | Snake:2  | Reached skill level 19 in Spellcasting
 42004 | Spider:1 | Entered Level 1 of the Spider Nest
 42677 | Spider:2 | Noticed Donald
 42681 | Spider:2 | Reached skill level 7 in Fighting
 42828 | Spider:2 | Killed Donald
 42829 | Spider:2 | Reached skill level 20 in Spellcasting
 43209 | Spider:1 | Learned a level 6 spell: Starburst
 44106 | Lair:4   | Reached skill level 7 in Evocations
 44265 | Lair:4   | HP: 20/96 [wolf spider (14)]
 44265 | Lair:4   | HP: 8/96 [wolf spider (7)]
 44622 | Spider:1 | Received a gift from Sif Muna
 44625 | Spider:1 | You add the spells Stone Arrow, Lee's Rapid Deconstruction,
                  | Metabolic Englaciation, Lehudib's Crystal Spear and Discord
                  | to your library.
 44625 | Spider:1 | Got Sif Muna's Volume of Bewitchment and Stones {god gift}
 45246 | Spider:1 | You fall into a shaft and drop 1 floor!
 45254 | Spider:2 | Reached skill level 8 in Invocations
 46307 | Snake:2  | Killed Nikola
 46308 | Snake:2  | Reached skill level 8 in Fighting
 46500 | Snake:2  | Reached skill level 8 in Evocations
 46787 | Snake:2  | Found Urasch's Book Shop.
 46788 | Snake:2  | Found Dunitah's Jewellery Emporium.
 46789 | Snake:2  | Found Ziddojuu's Book Shop.
 47015 | Snake:2  | Killed Frances
 47751 | Snake:3  | Reached skill level 9 in Invocations
 47965 | Snake:4  | Entered Level 4 of the Snake Pit
 48683 | Snake:3  | Reached skill level 9 in Evocations
 49095 | Snake:3  | Reached XP level 18. HP: 104/104 MP: 30/44
 49543 | Snake:3  | You pick up a book of Spectacle and begin reading...
 49950 | Snake:4  | Noticed Asterion
 49960 | Snake:4  | Killed Asterion
 49961 | Snake:4  | Reached skill level 9 in Fighting
 49970 | Snake:4  | Noticed Louise
 50192 | Snake:4  | Noticed Aizul
 50399 | Snake:3  | Killed Aizul
 50501 | Snake:3  | Reached skill level 10 in Invocations
 50577 | Snake:4  | Received a gift from Sif Muna
 50586 | Snake:4  | You add the spells Irradiate, Orb of Destruction,
                  | Spellforged Servitor, Storm Form and Maxwell's Capacitive
                  | Coupling to your library.
 50586 | Snake:4  | Got Sif Muna's Handbook of Damaging Feathers {god gift}
 50741 | Snake:4  | Reached skill level 10 in Evocations
 50758 | Snake:4  | Killed Louise
 50919 | Snake:4  | S - a +0 eveningstar of protection {macerare=g}
 50922 | Snake:4  | You drop a +0 eveningstar of protection {macerare=g}.
 50930 | Snake:4  | S - a +0 eveningstar of protection {macerare=g}
 51472 | Snake:4  | You drop a +0 eveningstar of protection {macerare=g}.
 51480 | Snake:4  | S - a +0 eveningstar of protection {macerare=g}
 51531 | Snake:4  | Reached skill level 10 in Fighting
 52185 | Snake:4  | Reached skill level 5 in Translocations
 52221 | Snake:4  | Reached skill level 5 in Air Magic
 52609 | Snake:4  | HP: 16/107 [naga sharpshooter/bolt (27)]
 53063 | Snake:4  | Reached skill level 6 in Translocations
 53464 | Snake:4  | Reached skill level 6 in Air Magic
 53522 | Snake:4  | Learned a level 6 spell: Dispersal
 53736 | Snake:4  | Reached skill level 7 in Translocations
 53983 | Snake:4  | You pick up a book of Storms and begin reading...
 53987 | Snake:4  | Got a serpentine rune of Zot
 54204 | Lair:2   | Acquired 520 gold pieces
 54719 | Spider:2 | Reached skill level 7 in Air Magic
 54866 | Spider:2 | Received a gift from Sif Muna
 54869 | Spider:2 | You add the spells Tukima's Dance and Yara's Violent
                  | Unravelling to your library.
 54869 | Spider:2 | Got Nirill's Almanac of Curses {god gift}
 55436 | Spider:2 | You pick up a book of Storms and begin reading...
 55595 | Spider:3 | Noticed Agnes
 55611 | Spider:2 | HP: 8/107 [Agnes (28)]
 55611 | Spider:2 | Mangled by Agnes

Vanquished Creatures
  A ghost moth (Spider:1)
  A nagaraja (Snake:4)
  An emperor scorpion (Spider:1)
  A broodmother (Spider:1)
  3 hydras
  An ogre mage (D:13)
  A vault guard (D:14)
  3 naga warriors
  A catoblepas (Lair:6)
  7 anacondas
  A two-headed ogre (D:13)
  A centaur warrior (D:14)
  3 death yaks (Lair:6)
  A tengu warrior (D:15)
  A naga sharpshooter (Snake:4)
  A shock serpent (Snake:4)
  An orc high priest (Orc:1)
  2 salamander mystics
  A sun moth (Spider:1)
  A pharaoh ant (Spider:1)
  2 skeletal warriors (D:14)
  3 orb spiders (Spider:2)
  A steelbarb worm (Spider:1)
  2 orc knights
  2 naga ritualists (Snake:4)
  4 mana vipers
  2 wolf spiders (Lair:4)
  5 deep elf pyromancers
  A deep elf zephyrmancer (D:15)
  2 orc sorcerers (Orc:2)
  3 salamanders (Snake:2)
  6 elephants
  2 cyclopes
  10 black mambas
  A centaur zombie (D:11)
  4 naga magi
  6 guardian serpents (Snake:4)
  A rime drake (Lair:6)
  An unseen horror (D:11)
  A kobold demonologist (D:13)
  2 komodo dragons
  A yaktaur (D:12)
  A meliai (Spider:2)
  3 dream sheep (Lair:6)
  4 tarantellas (Spider:1)
  A centaur simulacrum (D:13)
  3 culicivoras
  8 jumping spiders
  2 shadows
  2 yaks
  4 water elementals (D:10)
  A wyvern (Lair:4)
  6 redbacks
  2 vampire mosquitoes (D:12)
  2 wargs (Orc:2)
  9 nagas
  4 water moccasins
  3 orc warriors
  2 black bears
  A sky beast (D:5)
  A boggart (D:13)
  An ogre (Orc:2)
  4 centaurs
  A wolf (Lair:1)
  3 bullfrogs
  A scorpion (D:5)
  A killer bee (D:9)
  2 wights
  A howler monkey (D:10)
  2 bullfrog skeletons
  3 orc priests
  6 orc wizards (Orc:2)
  An iguana (D:5)
  3 shadow imps (D:3)
  An adder zombie (Ossuary)
  4 orcs
  3 ball pythons
  2 bats (D:1)
  2 endoplasms
  4 hobgoblins
  A jackal (D:5)
  2 quokkas (D:1)
  A goblin (D:2)
  A hobgoblin zombie (Ossuary)
  A rat (D:3)
205 creatures vanquished.

Vanquished Creatures (collateral kills)
  Nikola (Snake:2)
  Asterion (Snake:4)
  Frances (Snake:2)
  A nagaraja (Snake:2)
  Donald (Spider:2)
  A ghost moth (Lair:4)
  Aizul (Snake:3)
  An orc warlord (Orc:1)
  Louise (Snake:4)
  A caustic shrike zombie (D:15)
  4 entropy weavers (Spider:1)
  A minotaur (Gauntlet)
  Snorg (Orc:1)
  Josephine (Orc:2)
  Harold (Orc:1)
  6 salamander tyrants
  12 naga warriors
  13 hydras
  7 vault guards (D:14)
  Erolcha (Orc:1)
  A ghost crab (Gauntlet)
  7 boulder beetles
  2 catoblepae (Lair:6)
  6 centaur warriors
  Erica (Lair:2)
  A death knight (D:11)
  An ogre mage (D:13)
  9 anacondas
  3 two-headed ogres
  3 tengu warriors
  12 naga sharpshooters
  A vampire mage (D:15)
  Urug (Orc:2)
  8 death yaks (Lair:6)
  7 shock serpents
  An orc high priest (Orc:2)
  Nergalle (D:9)
  A fire crab (Lair:6)
  A pharaoh ant (Spider:2)
  2 steelbarb worms (Spider:1)
  8 skeletal warriors
  11 salamander mystics
  A swamp dragon (shapeshifter) (D:8)
  2 naga ritualists
  Pikel (D:4)
  A wizard (D:14)
  6 mana vipers
  4 lindwurms (Snake:4)
  A harpy (shapeshifter) (D:13)
  A necromancer (D:15)
  3 orc knights
  4 orc sorcerers
  An ugly thing (D:13)
  An oklob plant (D:8)
  3 cyclopes
  A frost giant zombie (D:15)
  10 wolf spiders
  3 deep elf pyromancers
  8 manticores
  22 salamanders
  A stone giant zombie (D:15)
  12 naga magi
  5 guardian serpents
  A guardian serpent (shapeshifter) (D:14)
  26 elephants
  26 black mambas
  7 torpor snails
  2 minotaur zombies (Gauntlet)
  3 gargoyles
  6 cane toads
  A demonic crawler (Spider:2)
  An efreet (D:14)
  A yaktaur (D:15)
  17 komodo dragons
  2 kobold demonologists (D:11)
  A freezing wraith (D:13)
  2 meliai (Spider:2)
  4 trolls
  A polar bear (Lair:6)
  11 tarantellas
  12 blink frogs
  9 slime creatures
  A hornet (D:15)
  A tarantella (shapeshifter) (D:13)
  Grinder (D:5)
  10 jumping spiders
  Sigmund (D:6)
  A centaur simulacrum (D:11)
  5 wraiths
  5 culicivoras
  6 shadows
  4 dream sheep
  66 yaks
  2 nameless horrors (Lair:3)
  8 wyverns
  A basilisk (shapeshifter) (D:15)
  5 vampire mosquitoes (D:12)
  2 steam dragons
  4 basilisks
  26 redbacks
  A warg (Orc:2)
  4 acid dragons
  30 nagas
  Duvessa (D:6)
  21 water moccasins
  A floating eye (D:8)
  3 black bears
  25 orc warriors
  4 ogres
  13 wolves
  A necrophage (D:6)
  7 centaurs
  A lemure (D:4)
  2 phantoms (D:5)
  3 kobold brigands
  7 bullfrogs
  A scorpion (D:5)
  5 water moccasin zombies
  Dowan (D:6)
  13 killer bees
  9 wights
  2 howler monkeys
  9 centaur zombies
  A jelly (D:5)
  12 orc priests
  A centaur skeleton (D:6)
  5 hounds
  A bullfrog skeleton (D:5)
  Crazy Yiuf (D:6)
  6 iguanas
  13 orc wizards
  2 mummies (Ossuary)
  A howler monkey skeleton (D:4)
  8 gnolls
  7 adders
  A shadow imp (D:7)
  3 white imps
  An ufetubus (D:5)
  An adder skeleton (D:5)
  5 adder zombies (Ossuary)
  2 worms (D:3)
  A dart slug (D:3)
  71 orcs
  11 ball pythons
  4 endoplasms
  A giant cockroach (D:3)
  3 gnoll zombies (Ossuary)
  6 goblins
  2 hobgoblins (D:2)
  8 jackals
  6 kobolds
  A quokka (D:2)
  4 bats
  6 frilled lizards
  3 hobgoblin zombies (Ossuary)
  6 kobold zombies (Ossuary)
  4 orc zombies (Ossuary)
  A rat (D:1)
891 creatures vanquished.

Vanquished Creatures (others)
  A juggernaut zombie (D:15)
  A death yak (Lair:6)
  A skeletal warrior (D:15)
  2 oklob plants (D:8)
  A cane toad (Lair:6)
  A demonic crawler (Spider:3)
  Maggie (D:9)
  A komodo dragon (Lair:1)
  Prince Ribbit (D:6)
  A dream sheep (Lair:6)
  4 yaks
  A wyvern (D:10)
  An orc warrior (Orc:2)
  A sky beast (D:8)
  A centaur (D:5)
  An ogre (Orc:2)
  A gnoll sergeant (D:6)
  An orc priest (Orc:2)
  A gnoll (D:6)
  3 orcs
  A bush (D:8)
  53 fungi
  83 plants
  26 withered plants
189 creatures vanquished.

Grand Total: 1285 creatures vanquished

Table legend:
 A = Non-vault XP
 B = Vault XP
 C = Vault XP percentage of total XP
 D = Non-vault monster count
 E = Vault monster count
 F = Vault count percentage of total count
                 A         B        C        D         E       F
            +---------+---------+-------+---------+---------+-------
      Total |  231405 |  128805 |  35.8 |     764 |     351 |  31.5
            +---------+---------+-------+---------+---------+-------
        D:1 |      36 |       0 |   0.0 |      22 |       0 |   0.0
        D:2 |      25 |      15 |  37.5 |       7 |       2 |  22.2
        D:3 |      63 |      74 |  54.0 |      28 |       4 |  12.5
        D:4 |     200 |     663 |  76.8 |       9 |       1 |  10.0
        D:5 |     919 |     845 |  47.9 |      23 |       9 |  28.1
        D:6 |     618 |     756 |  55.0 |      21 |       5 |  19.2
        D:7 |     141 |       0 |   0.0 |       5 |       0 |   0.0
        D:8 |     988 |    3054 |  75.6 |      22 |       9 |  29.0
        D:9 |    4359 |    5226 |  54.5 |      29 |      38 |  56.7
       D:10 |    2362 |    2021 |  46.1 |      15 |      11 |  42.3
       D:11 |    5834 |   12935 |  68.9 |      23 |      29 |  55.8
       D:12 |    6127 |       0 |   0.0 |      21 |       0 |   0.0
       D:13 |    5459 |    7260 |  57.1 |      10 |      12 |  54.5
       D:14 |    9188 |    8099 |  46.9 |      14 |      10 |  41.7
       D:15 |    7382 |    7450 |  50.2 |      12 |      10 |  45.5
     Lair:1 |    7806 |       0 |   0.0 |      30 |       0 |   0.0
     Lair:2 |    7573 |    3401 |  31.0 |      23 |      12 |  34.3
     Lair:3 |    8580 |    3107 |  26.6 |      23 |       7 |  23.3
     Lair:4 |   12009 |       0 |   0.0 |      35 |       0 |   0.0
     Lair:5 |    2913 |       0 |   0.0 |      13 |       0 |   0.0
     Lair:6 |   27015 |   11430 |  29.7 |      63 |      23 |  26.7
    Snake:1 |   11160 |       0 |   0.0 |      24 |       0 |   0.0
    Snake:2 |   20385 |   10900 |  34.8 |      42 |      13 |  23.6
    Snake:3 |   24004 |    2589 |   9.7 |      42 |       3 |   6.7
    Snake:4 |   20562 |   31713 |  60.7 |      41 |      46 |  52.9
   Spider:1 |   25756 |       0 |   0.0 |      69 |       0 |   0.0
   Spider:2 |   10716 |    1327 |  11.0 |      33 |       1 |   2.9
   Spider:3 |     287 |       0 |   0.0 |       1 |       0 |   0.0
      Orc:1 |    3487 |    2655 |  43.2 |      12 |       3 |  20.0
      Orc:2 |    5451 |    6880 |  55.8 |      52 |      37 |  41.6
    Ossuary |       0 |     319 | 100.0 |       0 |      28 | 100.0
     Bailey |       0 |    1749 | 100.0 |       0 |      25 | 100.0
   Gauntlet |       0 |    4337 | 100.0 |       0 |      13 | 100.0
            +---------+---------+-------+---------+---------+-------

Illustrated notes

Table legend:
 A = Kills in this place as a percentage of kills in entire the game.
 B = Kills by you in this place as a percentage of kills by you in the entire game.
 C = Kills by friends in this place as a percentage of kills by friends in the entire game.
 D = Other kills in this place as a percentage of other kills in the entire game.
 E = Experience gained in this place as a percentage of experience gained in the entire game.
 F = Experience gained in this place divided by the number of levels of this place that you have seen.
                   A       B       C       D       E      F
               +-------+-------+-------+-------+-------+----------------------
         Total | 100.0 | 100.0 | 100.0 | 100.0 | 100.0 | 10594.4
       Dungeon |  36.0 |  37.3 |  35.1 |  53.8 |  25.6 | 6139.9
          Lair |  20.5 |  14.9 |  22.0 |  15.4 |  23.3 | 13972.3
     Snake Pit |  18.9 |  23.9 |  17.9 |  15.4 |  33.7 | 30328.2
   Spider Nest |   9.3 |  13.9 |   8.4 |   3.8 |  10.6 | 12695.3
  Orcish Mines |   9.3 |   8.5 |   9.5 |  11.5 |   5.1 | 9236.5
       Ossuary |   2.5 |   1.0 |   2.9 |   0.0 |   0.1 | 319.0
        Bailey |   2.2 |   0.5 |   2.7 |   0.0 |   0.5 | 1749.0
      Gauntlet |   1.2 |   0.0 |   1.5 |   0.0 |   1.2 | 4337.0
               +-------+-------+-------+-------+-------+----------------------

Table legend: (Time is in decaauts)
 A = Elapsed time spent in this place.
 B = Non-inter-level travel time spent in this place.
 C = Inter-level travel time spent in this place.
 D = Time resting spent in this place.
 E = Time spent auto-exploring this place.
 F = Levels seen in this place.
 G = Mean time per level.
                   A        B        C        D        E       F      G
               +--------+--------+--------+--------+--------+-----+--------+
         Total |  55429 |  50925 |   4504 |  18925 |  12631 |  34 | 1630.3 |
       Dungeon |  22560 |  20333 |   2227 |   5782 |   5402 |  15 | 1504.0 |
        Temple |     29 |     29 |      0 |      0 |      0 |   1 |   29.0 |
          Lair |  12922 |  11673 |   1249 |   4732 |   2539 |   6 | 2153.7 |
     Snake Pit |  11099 |  10376 |    723 |   5337 |   1940 |   4 | 2774.8 |
   Spider Nest |   3642 |   3523 |    119 |   1521 |   1085 |   3 | 1214.0 |
  Orcish Mines |   3245 |   3061 |    184 |    971 |   1360 |   2 | 1622.5 |
       Ossuary |    260 |    260 |      0 |      0 |     24 |   1 |  260.0 |
        Bailey |    757 |    757 |      0 |    249 |     66 |   1 |  757.0 |
      Gauntlet |    912 |    912 |      0 |    333 |    214 |   1 |  912.0 |
               +--------+--------+--------+--------+--------+-----+--------+

Top non-repeatable levels by time:
     D:9: 3313 daAuts
 Snake:2: 3299 daAuts
 Snake:4: 3275 daAuts
 Snake:3: 3227 daAuts
  Lair:4: 3055 daAuts
   Orc:2: 2611 daAuts
    D:11: 2396 daAuts
  Lair:3: 2394 daAuts
     D:8: 2386 daAuts
Spider:1: 2378 daAuts
  Lair:6: 2156 daAuts
  Lair:2: 1963 daAuts
  Lair:1: 1917 daAuts
    D:14: 1697 daAuts
    D:15: 1563 daAuts
